 Dungeon Crawl Stone Soup version 0.30-a0-374-g95c0257040 (webtiles) character file.

Game seed: 11725651249828212844

307 KennySheep the Shooter (level 5, -4/42 HPs)
             Began as a Demigod Hexslinger on Nov 26, 2022.
             Slain by a gnoll
             ... wielding a +0 whip
             ... led by a gnoll bouda
              (9 damage)
             ... on level 4 of the Dungeon.
             The game lasted 00:15:26 (4113 turns).

KennySheep the Shooter (Demigod Hexslinger)         Turns: 4113, Time: 00:15:26

Health: -4/42      AC:  5    Str: 18    XL:     5   Next: 94%
Magic:  9/9        EV: 13    Int: 19    God:
Gold:   135        SH:  0    Dex: 16    Spells: 5/6 levels left

rFire   . . .      SeeInvis .    a - +3 sling
rCold   . . .      Faith    .    (no shield)
rNeg    . . .      Spirit   .    t - +1 robe of Mysticism {Str+4 Dex+3 Stlth+}
rPois   .          Reflect  .    (no helmet)
rElec   .          Harm     .    f - +1 cloak
rCorr   .          Rampage  .    (no gloves)
Will    .....                    (no boots)
Stlth   +++.......               (no amulet)
HPRegen 0.27/turn                (no ring)
MPRegen 0.11/turn                (no ring)

@: hasted, very quick
A: high MP 1, forlorn, divine attributes, talons 1, clever 1, subdued magic 1
a: no special abilities


You were on level 4 of the Dungeon.
You visited 1 branch of the dungeon, and saw 4 of its levels.

You collected 237 gold pieces.
You spent 102 gold pieces at shops.

Inventory:

Hand Weapons
 a - a +3 sling (weapon)
 b - a +0 mace
Armour
 d - a scarf of invisibility
 f - a +1 cloak (worn)
 t - the +1 robe of Mysticism (worn) {Str+4 Dex+3 Stlth+}
   (You found it on level 3 of the Dungeon)

   Str:       It affects your strength (+4).
   Dex:       It affects your dexterity (+3).
   Stlth:     It makes you more stealthy.
Wands
 s - a wand of polymorph (13)
Scrolls
 c - a scroll of silence {unknown}
 i - a scroll of vulnerability
 k - 2 scrolls of immolation {unknown}
 q - 2 scrolls of butterflies
 u - a scroll of torment {unknown}
 w - a scroll of magic mapping
 y - a scroll of noise
 B - a scroll of poison
 C - a scroll of amnesia {unknown}
Potions
 g - a potion of haste
 h - a potion of ambrosia {unknown}
 l - a potion of might {unknown}
 m - a potion of curing {unknown}
 n - a potion of mutation
 o - a potion of flight {unknown}
 p - a potion of berserk rage {unknown}
 r - 2 potions of heal wounds {unknown}
 v - 2 potions of lignification {unknown}
 x - a potion of cancellation {unknown}
 z - a potion of magic {unknown}
 A - a potion of brilliance {unknown}


   Skills:
 + Level 2.4 Fighting
 * Level 2.0 Maces & Flails
 - Level 3.2 Ranged Weapons
 + Level 1.9 Armour
 + Level 3.0 Dodging
 + Level 1.2 Stealth
 - Level 1.0 Spellcasting
 - Level 2.6 Hexes


You had 5 spell levels left.
You knew the following spells:

 Your Spells              Type           Power      Damage    Failure   Level
a - Slow                  Hex            32%        N/A       4%          1

Your spell library contained the following spells:

 Spells                   Type           Power      Damage    Failure   Level
 Cigotuvi's Dreadful Rot  Necr/Pois/Air  0%         N/A       24%         2
 Poisonous Vapours        Pois/Air       0%         N/A       24%         2
 Inner Flame              Hex/Fire       4%         N/A       28%         3
 Portal Projectile        Hex/Tloc       8%         N/A       28%         3
 Mephitic Cloud           Conj/Pois/Air  0%         N/A       45%         3
 Cause Fear               Hex            4%         N/A       47%         4
 Dispel Undead            Necr           0%         3d6       86%         4
 Death Channel            Necr           0%         N/A       100%        6


Dungeon Overview and Level Annotations

Branches:
Dungeon (4/15)             Temple (0/1) D:4

Shops:
D:2 *   D:3 (*


Innate Abilities, Weirdness & Mutations

You have an increased reservoir of magic. (+10% MP)
You shall have no god before yourself.
Your divine heritage dramatically boosts your attributes as you level up.
You have sharp toenails.
Your mind is acute. (Int +4, Str/Dex -1)
Your spells are a little easier to cast, but a little less powerful.


Message History

Your attacks no longer feel as feeble.
The gnoll bouda attacks as you move away!
The gnoll bouda hits you with a +0 club.
The gnoll attacks as you move away! The gnoll hits you with a +0 whip!
The gnoll bouda attacks as you move away!
The gnoll bouda barely misses you. The gnoll attacks as you move away!
The gnoll misses you.
The gnoll bouda barks out a call to the hunt!
The gnolls pick up the pace!
You shoot a sling bullet.
The sling bullet closely misses the gnoll.
The sling bullet barely misses the gnoll bouda.
The sling bullet hits the gnoll.
The gnoll is heavily wounded.
The gnoll hits you with a +0 whip! The gnoll completely misses you.
As you read the scroll of fear, it crumbles to dust.
You assume a fearsome visage.
The gnoll bouda looks frightened!
The gnoll looks frightened! x3
You shoot a sling bullet.
The sling bullet barely misses the gnoll.
The sling bullet hits the gnoll bouda.
Your attack snaps the gnoll bouda out of its fear.
The gnoll bouda is severely wounded.
You shoot a sling bullet. The sling bullet hits the gnoll.
Your attack snaps the gnoll out of its fear.
The gnoll is moderately wounded.
The gnoll yells at you, "GO AWAY!"
You shoot a sling bullet. The sling bullet hits the gnoll!
The gnoll is severely wounded.
You shoot a sling bullet.
The sling bullet completely misses the gnoll.
The gnoll hits you with a +0 whip.
* * * LOW HITPOINT WARNING * * *
The gnoll barely misses you.
You shoot a sling bullet.
The sling bullet barely misses the gnoll.
The gnoll hits you with a +0 whip!
* * * LOW HITPOINT WARNING * * *
You feel yourself speed up. The gnoll hits you with a +0 whip!
You die...

.(........#.......#.##...##......
.#........##......#.###..........
###.................##...........
##...b....................>..##
##.........#.................##
##..##...##...#...............#
#.b###...)..#.....#...........#
..#.###..#...##.....#...#.##..#
.##.# #..#####..@g###.######..#
## ## #..# ###.## ### #..# # .#.
##.## ##..# ## #...# #...# #...#
###..## # #...# ###...## # #
#.).## ##.....# ## # #...##
#.....## #. .# ....# ##...## #.


You could see a gnoll (swift).

Vanquished Creatures
  A phantom (D:4)
  2 orc priests (D:4)
  Jessica (D:2)
  4 adders
  A gnoll (D:4)
  4 worms
  2 dart slugs
  6 orcs (D:4)
  3 endoplasms
  4 giant cockroaches
  7 goblins
  4 hobgoblins
  10 jackals (D:2)
  8 kobolds
  2 quokkas (D:2)
  7 ball pythons
  5 bats
  14 frilled lizards
  4 rats
89 creatures vanquished.

Vanquished Creatures (others)
  3 plants
3 creatures vanquished.

Grand Total: 92 creatures vanquished

Notes
Turn   | Place    | Note
-------+----------+-------------------------------------------
     0 | D:1      | KennySheep the Demigod Hexslinger began the quest for the
                  | Orb.
     0 | D:1      | Reached XP level 1. HP: 15/15 MP: 4/4
   190 | D:1      | Reached skill level 1 in Fighting
   372 | D:1      | Reached XP level 2. HP: 23/23 MP: 5/5
  1068 | D:2      | Found Plog's General Store.
  1111 | D:2      | Noticed Jessica
  1121 | D:2      | Killed Jessica
  1122 | D:2      | Reached XP level 3. HP: 18/28 MP: 6/6
  1415 | D:2      | Reached XP level 4. HP: 36/36 MP: 8/8
  1808 | D:2      | Reached skill level 1 in Armour
  2173 | D:3      | Found Suarhium's Assorted Antiques.
  2175 | D:3      | Identified the +1 robe of Mysticism {Str+4 Dex+3 Stlth+}
  2193 | D:3      | Gained mutation: Your spells are a little easier to cast,
                  | but a little less powerful. [potion of mutation]
  2193 | D:3      | Gained mutation: You have sharp toenails. [potion of
                  | mutation]
  2193 | D:3      | Gained mutation: Your mind is acute. (Int +4, Str/Dex -1)
                  | [potion of mutation]
  2202 | D:3      | Bought a scroll labelled OXZUTH MINNAPS for 21 gold pieces
  2202 | D:3      | Bought a scroll labelled YNOURI UHARESI for 21 gold pieces
  2202 | D:3      | Bought a scroll labelled GIMAYCSEGORO for 21 gold pieces
  2202 | D:3      | Bought a glowing emerald potion for 18 gold pieces
  2202 | D:3      | Bought a scroll labelled ZONGIRO YKHLI for 21 gold pieces
  2271 | D:3      | Identified the +1 robe of Beogh's Whim {Will+ Int+3}
  2579 | D:3      | Found Dipostroq's Antique Weapon Emporium.
  2890 | D:4      | Found a staircase to the Ecumenical Temple.
  3335 | D:4      | Reached skill level 1 in Maces & Flails
  3335 | D:4      | Reached XP level 5. HP: 28/41 MP: 9/9
  3635 | D:4      | Reached skill level 1 in Stealth
  4113 | D:4      | Slain by a gnoll

Illustrated notes

Levels and vault maps discovered:
D:1:      minmay_arrival_split_and_join, layout_basic, minmay_lizard_king
D:2:      layout_loops_ring, serial_shops, shop,
          shapermc_ecumenical_altar_hornbeckon, st_stairs_3,
          kennysheep_jessica_study
D:3:      layout_loops_ring, serial_shops,
          nicolae_shop_temple_entry_statues_fountains, nicolae_lakefront_shop,
          minmay_misc_feat_encased, kennysheep_generic_room_7
D:4:      layout_layer_cave, kennysheep_little_box,
          minmay_temple_entry_enclosed_plants, minivault_4

Skill      XL: |  1  2  3  4  5 |
---------------+----------------+-----
Fighting       | 1 2 |  2.4
Ranged Weapons | 2 3 |  3.2
Dodging        | 2 3 |  3.0
Armour         | 1 |  1.9
Maces & Flails | 1 2 |  2.0
Stealth        | 1 |  1.2
Spellcasting   | |  1.0
Hexes          | |  2.6

Action                   |  1- 3 |  4- 6 || total
-------------------------+-------+-------++-------
 Fire: Sling             |   138 |   166 ||   304
  Use: Scroll            |       |    11 ||    11
       Potion            |       |     3 ||     3
Armor: Robe              |    32 |    18 ||    50
       Ring mail         |       |    10 ||    10
Dodge: Dodged            |    64 |    73 ||   137

Table legend: (Time is in decaauts)
 A = Elapsed time spent in this place.
 B = Non-inter-level travel time spent in this place.
 C = Inter-level travel time spent in this place.
 D = Time resting spent in this place.
 E = Time spent auto-exploring this place.
 F = Levels seen in this place.
 G = Mean time per level.
                   A        B        C        D        E       F      G
               +--------+--------+--------+--------+--------+-----+--------+
         Total |   4186 |   3836 |    350 |    209 |   2869 |   4 | 1046.5 |
       Dungeon |   4186 |   3836 |    350 |    209 |   2869 |   4 | 1046.5 |
               +--------+--------+--------+--------+--------+-----+--------+

Top non-repeatable levels by time:
     D:1: 1195 daAuts
     D:4: 1091 daAuts
     D:3: 983 daAuts
     D:2: 916 daAuts
